 Dungeon Crawl Stone Soup version 0.29-a0-839-g4793fd635e (webtiles) character file.

Game seed: 5037546405922949934

723 BritishOli the Trooper (level 7, 0/56 HPs)
             Began as a Demonspawn Fighter on July 14, 2022.
             Was a Follower of Okawaru.
             Slain by a killer bee (5 damage)
             ... on level 8 of the Dungeon.
             The game lasted 00:05:39 (4841 turns).

BritishOli the Trooper (Demonspawn Fighter)         Turns: 4841, Time: 00:05:39

Health: 0/56       AC:  7    Str: 19    XL:     7   Next: 43%
Magic:  7/7        EV:  9    Int:  9    God:    Okawaru [*.....]
Gold:   131        SH:  9    Dex: 12    Spells: 6/6 levels left

rFire   . . .      SeeInvis .   f - +1 short sword (freeze)
rCold   . . .      Faith    .   c - +0 buckler
rNeg    . . .      Spirit   .   s - +0 scale mail
rPois   .          Reflect  .   (helmet restricted)
rElec   .          Harm     .   (no cloak)
rCorr   .          Rampage  .   (no gloves)
Will    .....                   (no boots)
Stlth   ..........              (no amulet)
HPRegen 0.18/turn               (no ring)
MPRegen 0.10/turn               (no ring)

@: lethally poisoned (0 -> -3), about to teleport
A: horns 1, foul stench 1, condensation shield
a: Renounce Religion, Heroism


You were on level 8 of the Dungeon.
You worshipped Okawaru.
Okawaru was aware of your devotion.
You visited 2 branches of the dungeon, and saw 7 of its levels.
You also visited: Sewer.

You collected 131 gold pieces.

Inventory:

Hand Weapons
 a - a +0 long sword
 f - a +1 short sword of freezing (weapon)
Armour
 c - a +0 buckler (worn)
 s - a +0 scale mail (worn)
Wands
 m - a wand of roots (15)
Scrolls
 b - a scroll of magic mapping {unknown}
 e - 3 scrolls of teleportation
 h - 2 scrolls of amnesia {unknown}
 k - 2 scrolls of identify {unknown}
 l - a scroll of poison {unknown}
 o - a scroll of enchant weapon {unknown}
 p - a scroll of immolation {unknown}
 q - a scroll of fear {unknown}
 r - 5 scrolls of blinking {unknown}
 v - a scroll of summoning {unknown}
 w - a scroll of vulnerability {unknown}
Potions
 d - a potion of might
 g - a potion of lignification {unknown}
 i - a potion of berserk rage {unknown}
 j - a potion of cancellation {unknown}
 n - 3 potions of mutation {unknown}
 t - a potion of curing {unknown}
 u - a potion of attraction {unknown}


   Skills:
 + Level 5.1 Fighting
 + Level 4.0 Long Blades
 + Level 4.5 Armour
 + Level 4.6 Shields


You had 6 spell levels left.
You didn't know any spells.
Your spell library contained the following spells:

 Spells                   Type           Power      Damage    Failure   Level
 Dazzling Flash           Conj/Hex       0%         N/A       99%         3
 Ignite Poison            Fire/Tmut/Pois 0%         N/A       99%         3
 Mephitic Cloud           Conj/Pois/Air  0%         N/A       99%         3
 Agony                    Necr           0%         N/A       100%        5
 Freezing Cloud           Conj/Ice/Air   0%         6-21      100%        5
 Silence                  Hex/Air        0%         N/A       100%        5


Dungeon Overview and Level Annotations

Branches:
Dungeon (8/15)             Temple (1/1) D:4           Sewer (visited)
   Lair: D:8-11

Altars:
Fedhas
Hepliaklqana
Okawaru
Qazlal
Ru
Trog
Vehumet
Wu Jian

Shops:
D:1 (

Annotations:
D:7 Joseph


Innate Abilities, Weirdness & Mutations

You have a pair of small horns on your head.
You may rarely emit foul miasma when damaged in melee.
A meltable shield of frost defends you. (SH +4)


Message History

The killer bee attacks as you move away!
The killer bee stings you but does no damage.
You feel very sick.
The killer bee stings you but does no damage.
The killer bee is engulfed in dark miasma.
The killer bee is poisoned.
The killer bee barely misses you. You block the killer bee's attack.
The killer bee is engulfed in dark miasma.
The killer bee looks even sicker.
The killer bee seems to slow down.
You feel sick.
The killer bee is engulfed in dark miasma.
The killer bee looks even sicker.
The killer bee stings you but does no damage.
The killer bee stings you!
* * * LOW HITPOINT WARNING * * *
There is a stone staircase leading up here.
The killer bee attacks as you move away!
You block the killer bee's attack.
A killer bee comes into view.
Found 2 emerald potions.
You feel sick.
The killer bee buzzes angrily.
You hear an angry buzzing noise. x2
You kill the killer bee!
Okawaru accepts your kill.
A killer bee comes into view.
You block the killer bee's attack. The killer bee barely misses you.
A killer bee comes into view. x2
You feel sick.
The killer bee buzzes angrily.
The killer bee stings you.
* * * LOW HITPOINT WARNING * * *
The killer bee attacks as you move away!
The killer bee misses you.
The killer bee attacks as you move away!
You block the killer bee's attack.
You feel sick. The killer bee stings you.
* * * LOW HITPOINT WARNING * * *
The killer bee stings you but does no damage.
As you read the scroll labelled VELUNO OTZYGE, it crumbles to dust.
You feel strangely unstable.
It was a scroll of teleportation.
You feel sick. You block the killer bee's attack. The killer bee stings you.
You die...

... #. ... #.# ....
#.# .....#.#
...#.#########.##
.>..yy.y.........
###y##<........#
#.####yyy.######.##
#....y@##.......
#..........##.##
##..#..##..# #.
#..##..# #
#........
#......... ####
.!...


You could see 7 killer bees.

Vanquished Creatures
  Sigmund (D:2)
  A black bear (D:4)
  2 kobold brigands (Sewer)
  A killer bee (D:8)
  A hound (D:7)
  Jessica (D:2)
  Robin (D:2)
  8 adders
  2 gnolls (D:3)
  2 river rats
  8 worms
  4 dart slugs
  3 orcs
  7 bats
  7 endoplasms
  A giant cockroach (D:1)
  8 goblins
  6 hobgoblins (D:2)
  4 jackals (D:1)
  A quokka (D:1)
  10 ball pythons
  A frilled lizard (D:1)
  14 kobolds
  13 rats
107 creatures vanquished.

Notes
Turn   | Place    | Note
-------+----------+-------------------------------------------
     0 | D:1      | BritishOli the Demonspawn Fighter began the quest for the
                  | Orb.
     0 | D:1      | Reached XP level 1. HP: 18/18 MP: 1/1
   133 | D:1      | Gained mutation: You may rarely emit foul miasma when
                  | damaged in melee. [demonic ancestry]
   133 | D:1      | Reached XP level 2. HP: 24/24 MP: 2/2
   639 | D:1      | Found Puysch's Antique Weapon Boutique.
   876 | D:1      | Gained mutation: You have a pair of small horns on your
                  | head. [demonic ancestry]
   876 | D:1      | Reached XP level 3. HP: 28/29 MP: 3/3
  1061 | D:1      | Found a faded altar of an unknown god.
  1451 | D:2      | Noticed Sigmund
  1461 | D:2      | Killed Sigmund
  1462 | D:2      | Reached skill level 4 in Fighting
  1462 | D:2      | Reached XP level 4. HP: 6/37 MP: 4/4
  1462 | D:2      | Reached XP level 5. HP: 7/42 MP: 5/5
  1772 | D:2      | Noticed Robin
  1797 | D:2      | Killed Robin
  2258 | D:2      | Noticed Jessica
  2267 | D:2      | Killed Jessica
  2268 | D:2      | Reached XP level 6. HP: 44/48 MP: 6/6
  2440 | D:3      | Found a hazy altar of Hepliaklqana.
  2736 | D:3      | Found an ornate altar of the Wu Jian Council.
  2878 | D:4      | Found a staircase to the Ecumenical Temple.
  2888 | Temple   | Entered the Ecumenical Temple
  2904 | Temple   | Became a worshipper of Warmaster Okawaru
  2991 | D:4      | Found a glowing drain.
  3000 | Sewer    | Entered a sewer
  4010 | Sewer    | Reached * piety under Okawaru
  4011 | Sewer    | Gained mutation: A meltable shield of frost defends you.
                  | (SH +4) [demonic ancestry]
  4011 | Sewer    | Reached XP level 7. HP: 48/55 MP: 7/7
  4316 | D:4      | Reached skill level 5 in Fighting
  4454 | D:4      | You fall into a shaft and drop 3 floors!
  4473 | D:7      | Found a blossoming altar of Fedhas.
  4547 | D:7      | Noticed Joseph
  4558 | D:7      | HP: 2/56 [Joseph/sling bullet (4)]
  4841 | D:8      | Slain by a killer bee

Illustrated notes

Levels and vault maps discovered:
D:1:      saegor_arrival_simple_b, layout_loops_ring, serial_shops, shop,
          shapermc_ecumenical_altar_mp_vishouse, grunt_decor_mini_mirrors
D:2:      layout_basic, uniq_sigmund, uniq_jessica, uniq_robin
D:3:      layout_basic, mainiacjoe_overflow_boulevard,
          overflow_temple_1_default, grunt_decor_fettered, grunt_decor_arrowhead
D:4:      layout_gridville, minmay_temple_entry_mist, portal_sewer_entry_e
D:7:      layout_loops_corners, mainiacjoe_overflow_big_doors, fedhas_altar_4,
          uniq_menkaure, uniq_joseph
D:8:      layout_basic, nicolae_straight_to_the_point
Temple:   nicolae_temple_bog_church

Skill      XL: |  1  2  3  4  5  6  7 |
---------------+----------------------+-----
Long Blades    | 2 3 4 |  4.0
Shields        | 3 4 |  4.6
Armour         | 3 4 |  4.5
Fighting       | 4 5 |  5.1

Action                   |  1- 3 |  4- 6 |  7- 9 || total
-------------------------+-------+-------+-------++-------
Melee: Long sword        |    45 |       |       ||    45
       Short sword       |    74 |   236 |    39 ||   349
       Headbutt          |     6 |    45 |     9 ||    60
  Use: Scroll            |       |       |     1 ||     1
Armor: Scale mail        |    73 |    70 |    20 ||   163
Dodge: Dodged            |    45 |    83 |    26 ||   154
Block: Buckler           |    33 |    45 |    28 ||   106

Table legend: (Time is in decaauts)
 A = Elapsed time spent in this place.
 B = Non-inter-level travel time spent in this place.
 C = Inter-level travel time spent in this place.
 D = Time resting spent in this place.
 E = Time spent auto-exploring this place.
 F = Levels seen in this place.
 G = Mean time per level.
                   A        B        C        D        E       F      G
               +--------+--------+--------+--------+--------+-----+--------+
         Total |   5028 |   4957 |     71 |    474 |   3581 |   8 |  628.5 |
       Dungeon |   3675 |   3619 |     56 |    270 |   2741 |   6 |  612.5 |
        Temple |     34 |     19 |     15 |      0 |      0 |   1 |   34.0 |
         Sewer |   1318 |   1318 |      0 |    204 |    840 |   1 | 1318.0 |
               +--------+--------+--------+--------+--------+-----+--------+

Top non-repeatable levels by time:
   Sewer: 1318 daAuts
     D:2: 1288 daAuts
     D:1: 1139 daAuts
     D:3: 470 daAuts
     D:4: 390 daAuts
     D:8: 282 daAuts
     D:7: 105 daAuts
  Temple: 34 daAuts
